 Dungeon Crawl Stone Soup version 0.28.0 (webtiles) character file.

Game seed: 9042552691943599440

125129 oldriver the Fighter (level 16, -6/255 HPs)
             Began as a Troll Berserker on Feb 5, 2022.
             Was a High Priest of Trog.
             Mangled by a salamander (9 damage)
             ... on level 4 of the Snake Pit.
             The game lasted 00:48:41 (28557 turns).

oldriver the Fighter (Troll Berserker)             Turns: 28557, Time: 00:48:41

Health: -6/255     AC: 24    Str: 46    XL:     16   Next: 40%
Magic:  15/15      EV: 12    Int:  9    God:    Trog [*****.]
Gold:   802        SH: 12    Dex:  9    Spells: 15/15 levels left

rFire   . . .      SeeInvis .   a - +7 morningstar (vorpal)
rCold   + + .      Faith    .   u - +2 kite shield of the Orcish Mines {Will+ Str+4 Slay+3}
rNeg    + . .      Spirit   .   c - +5 swamp dragon scales
rPois   +          Reflect  .   S - +2 hat of Wimmu {Int+6}
rElec   .          Harm     .   F - +0 cloak
rCorr   .          Rampage  .   (gloves unavailable)
Will    ++...                   (boots unavailable)
Stlth   ..........              m - amulet of the acrobat
HPRegen 1.32/turn               d - +4 ring of protection
MPRegen 0.14/turn               E - ring of the Griffon {Drain rC++ rN+ Str+7}

@: berserking, lethally poisoned (-6 -> -7), very quick
A: large, unfitting armour, claws 3, regeneration 1, shaggy fur 1, tough skin 1
a: Renounce Religion, Berserk, Trog's Hand, Brothers in Arms


You were on level 4 of the Snake Pit.
You worshipped Trog.
Trog was extremely pleased with you.
You visited 4 branches of the dungeon, and saw 27 of its levels.
You also visited: Gauntlet and Volcano.

You collected 2782 gold pieces.
You spent 1980 gold pieces at shops.

Inventory:

Hand Weapons
 a - a +7 vorpal morningstar (weapon)
 J - a +6 eveningstar
 T - a +8 hunting sling
Missiles
 h - 35 poisoned darts
 r - 491 stones (quivered)
 v - a throwing net
 N - 5 curare-tipped darts
 V - 6 atropa-tipped darts
Armour
 c - +5 swamp dragon scales (worn)
 u - the +2 kite shield of the Orcish Mines (worn) {Will+ Str+4 Slay+3}
   (You found it on level 8 of the Dungeon)

   Str:       It affects your strength (+4).
   Slay:      It affects your accuracy & damage with ranged weapons and melee
   (+3).
   Will:      It increases your willpower.
 F - a +0 cloak (worn)
 S - the +2 hat of Wimmu (worn) {Int+6}
   (You found it in a Gauntlet)

   Int:       It affects your intelligence (+6).
Jewellery
 d - a +4 ring of protection (left claw)
 m - an amulet of the acrobat (around neck)
 z - an amulet of magic regeneration
 D - a ring of fire
 E - the ring of the Griffon (right claw) {Drain rC++ rN+ Str+7}
   (You bought it in a shop on level 4 of the Snake Pit)

   [ring of positive energy]

   Str:       It affects your strength (+7).
   rC:        It greatly protects you from cold.
   rN:        It protects you from negative energy.
   Drain:     It drains your maximum health when unequipped.
 P - a ring of flight
 Q - a ring of see invisible
Wands
 k - a wand of flame (86)
 q - a wand of acid (23)
 s - a wand of iceblast (20)
 y - a wand of paralysis (17)
 B - a wand of polymorph (11)
 L - a wand of digging (9)
Scrolls
 e - 2 scrolls of holy word
 g - 7 scrolls of teleportation
 l - 3 scrolls of fear
 C - 2 scrolls of magic mapping
 G - 7 scrolls of identify
 H - 3 scrolls of blinking
 I - 3 scrolls of fog
 K - 2 scrolls of immolation
 O - 2 scrolls of vulnerability
Potions
 b - 4 potions of attraction
 f - 4 potions of haste
 i - 5 potions of flight
 j - 5 potions of brilliance
 n - 7 potions of mutation
 o - 2 potions of magic
 p - 6 potions of curing
 x - 7 potions of might
 A - 2 potions of berserk rage
 U - a potion of lignification
Miscellaneous
 w - a condenser vane
 W - a phial of floods


   Skills:
 + Level 13.4 Fighting
 + Level 5.5 Maces & Flails
 + Level 9.7 Armour
 + Level 13.4 Dodging
 + Level 9.7 Shields
 - Level 12.0 Unarmed Combat
 - Level 3.0 Evocations


You had 15 spell levels left.
You didn't know any spells.
Your spell library was empty.

Dungeon Overview and Level Annotations

Branches:
Dungeon (15/15)            Temple (0/1) D:5            Lair (6/6) D:10
 Shoals (0/4) Lair:2        Snake (4/4) Lair:3          Orc (2/2) D:11
 Vaults (0/5) D:13        Volcano (visited)         Gauntlet (visited)
  Slime: Lair:5-6       Elf: Orc:2       Depths: D:15

Altars:
Dithmenos
Hepliaklqana
Kikubaaqudgha
Makhleb
Uskayaw
Vehumet
Beogh

Shops:
D:1 =   D:6 (   D:12 ?[?   D:14 *   Orc:2 ([   Snake:1 =   Snake:4 ::=

Annotations:
D:5 3 runed translucent doors, Bricks's ghost, novice HuCj; KrombopulosMichael's ghost, novice DEFE
D:11 2 transporters, horus123's ghost, journeyman MfGl
D:13 Azrael
Lair:2 exclusion: oklob plant
Lair:3 2 transporters, Fuxod's ghost, journeyman GnWn
Lair:5 exclusion: oklob plant
Snake:2 1 runed translucent door, Mlioglotl; Vashnia


Innate Abilities, Weirdness & Mutations

You are too large for most types of armour.
You have claws for hands.
Your natural rate of healing is unusually fast.
You are covered in fur. (AC +1)
You have tough skin. (AC +1)


Message History

The naga hits you with a +0 scimitar!! The guardian serpent hits you!
* * * LOW HITPOINT WARNING * * *
A salamander comes into view. It is wielding a +2 halberd.
The nagaraja hits you with a +0 halberd!!!
* * * LOW HITPOINT WARNING * * *
The nagaraja constricts you.
You impale the nagaraja!!
The nagaraja is almost dead.
You feel sick.
You block the guardian serpent's attack.
The naga spits poison at you.
The splash of poison hits you but does no damage.
You are more poisoned.
You resist. The nagaraja spits poison at you.
The splash of poison hits you but does no damage.
You resist. The nagaraja constricts you.
You bludgeon the guardian serpent!!
You kill the guardian serpent!
Trog accepts your kill.
Trog appreciates your killing of a magic user.
You feel sick. You block the salamander's attack. The naga barely misses you.
The nagaraja hits you with a +0 halberd!
* * * LOW HITPOINT WARNING * * *
The nagaraja constricts you.
* * * LOW HITPOINT WARNING * * *
You bludgeon the nagaraja!!
You feel the power of Trog in you as your rage grows.
You kill the nagaraja!
Trog accepts your kill.
Trog appreciates your killing of a magic user.
You feel sick.
The salamander hits you but does no damage.
The naga spits poison at you. The splash of poison misses you.
You barely miss the naga.
The salamander hits you from afar with a +2 halberd!
* * * LOW HITPOINT WARNING * * *
You are engulfed in flames!
You die...

.......)..[##.'#......^........≈.
............###.................≈
....................†..........≈.
....# #.....######..............≈
...## #.....# ##............≈≈
...####.....# ##.........
.....##.....## ##..........
.............#####...........
..............))@N.....##....
............##[)##....## #...
#..........##..N.##..## #..
##........##......##..# #.
##.......##...##...##..#
........##...# #...##..#
.......##...# #.NN##..
......##...# #.S. #. .....##


You could see a salamander (strong) and a naga (strong, catching breath).

Vanquished Creatures
  Nikola (Snake:2)
  Kirke (D:12)
  2 nagarajas (Snake:4)
  A minotaur (Gauntlet)
  2 fire dragons
  Fannar (D:10)
  5 naga warriors
  Harold (D:7)
  A great orb of eyes (Gauntlet)
  A salamander tyrant (Snake:4)
  A boulder beetle (D:13)
  8 hydras
  2 centaur warriors
  6 death yaks
  2 dancing weapons (D:13)
  3 two-headed ogres
  9 anacondas
  5 naga sharpshooters
  4 shock serpents
  Sonja (Orc:1)
  Urug (D:11)
  An orc high priest (Orc:2)
  2 fire crabs (Gauntlet)
  7 salamander mystics
  A deep troll (shapeshifter) (D:14)
  6 sea snakes
  8 naga ritualists
  6 lindwurms
  3 orc knights
  3 deep elf pyromancers
  7 mana vipers
  3 manticores
  9 salamanders
  A cyclops (Orc:1)
  3 elephants
  5 ugly things
  Joseph (D:8)
  7 guardian serpents
  32 black mambas
  11 naga magi
  An apocalypse crab (Gauntlet)
  A smoke demon (Volcano)
  15 cane toads
  4 rime drakes
  5 komodo dragons
  2 freezing wraiths (D:14)
  6 trolls
  4 meliai (D:12)
  A wind drake (Lair:2)
  3 hornets (Lair:5)
  A hornet (shapeshifter) (D:13)
  21 blink frogs
  2 dream sheep (Lair:6)
  12 spriggans (Lair:5)
  36 yaks
  3 shadows
  8 fire bats
  8 wyverns
  A human (D:12)
  4 basilisks
  2 fire elementals (D:13)
  4 steam dragons (Volcano)
  3 hogs (D:12)
  A wraith (D:14)
  7 vampire mosquitoes
  33 nagas
  14 water moccasins
  An acid dragon (D:11)
  6 hell hounds
  A hornet zombie (D:5)
  21 orc warriors
  A sky beast (D:6)
  An ice beast (D:7)
  9 ogres
  3 boggarts (Lair:5)
  8 centaurs
  2 phantoms (D:11)
  10 wolves
  15 bullfrogs
  A wyvern zombie (D:7)
  A gnoll sergeant (D:8)
  A scorpion (D:10)
  A wyvern skeleton (D:7)
  3 killer bees (D:9)
  A troll zombie (D:11)
  A water moccasin skeleton (D:5)
  8 wights
  2 howler monkeys
  6 electric eels
  4 centaur zombies
  3 bullfrog zombies
  2 bullfrog skeletons
  2 jellies
  2 gnoll shamans
  18 orc priests
  A hound (D:6)
  A centaur skeleton (D:6)
  Jessica (D:2)
  6 iguanas
  30 orc wizards
  2 killer bee zombies
  5 ogre zombies (D:11)
  A hound zombie (D:5)
  2 hound skeletons
  3 howler monkey zombies
  14 gnolls
  2 adders
  3 white imps
  An ufetubus (D:7)
  An adder skeleton (D:5)
  An adder zombie (D:5)
  4 dart slugs
  57 orcs
  4 ball pythons
  7 endoplasms
  4 giant cockroaches
  8 hobgoblins
  4 jackals (D:3)
  4 kobolds
  4 quokkas
  4 bats
  4 frilled lizards
  6 goblins
  A goblin skeleton (D:11)
  2 goblin zombies (D:11)
  A hobgoblin skeleton (D:11)
  A hobgoblin zombie (D:11)
  An orc skeleton (D:11)
  13 orc zombies (D:11)
  3 rats
  A spectral hobgoblin (D:12)
717 creatures vanquished.

Vanquished Creatures (others)
  A boulder beetle (D:14)
  A salamander (Snake:4)
  34 fungi
  56 plants
92 creatures vanquished.

Grand Total: 809 creatures vanquished

Notes
Turn   | Place    | Note
-------+----------+-------------------------------------------
     0 | D:1      | oldriver the Troll Berserker began the quest for the Orb.
     0 | D:1      | Reached XP level 1. HP: 22/22 MP: 0/0
    58 | D:1      | Found Bononk's Jewellery Shoppe.
    83 | D:1      | Reached XP level 2. HP: 27/29 MP: 1/1
   891 | D:2      | Reached XP level 3. HP: 36/36 MP: 2/2
  1151 | D:2      | Noticed Jessica
  1159 | D:2      | Killed Jessica
  1552 | D:3      | Reached XP level 4. HP: 45/45 MP: 3/3
  1554 | D:3      | Reached ** piety under Trog
  1890 | D:3      | Found a faded altar of an unknown god.
  2303 | D:4      | Reached XP level 5. HP: 50/53 MP: 4/4
  2585 | D:5      | Entered Level 5 of the Dungeon
  2616 | D:5      | Reached XP level 6. HP: 62/62 MP: 5/5
  2633 | D:5      | Found a runed translucent gate.
  2633 | D:5      | Found a runed translucent gate.
  2633 | D:5      | Found a runed translucent gate.
  2633 | D:5      | Noticed KrombopulosMichael's ghost (novice DEFE)
  2635 | D:5      | Noticed Bricks's ghost (novice HuCj)
  2744 | D:5      | Reached skill level 5 in Unarmed Combat
  2746 | D:5      | Found a staircase to the Ecumenical Temple.
  2939 | D:5      | Reached *** piety under Trog
  2940 | D:5      | Reached XP level 7. HP: 64/70 MP: 6/6
  3437 | D:6      | Found Faptof's Antique Weapon Shop.
  3442 | D:6      | Reached skill level 5 in Fighting
  3442 | D:6      | Reached skill level 5 in Dodging
  3537 | D:6      | Reached XP level 8. HP: 75/80 MP: 7/7
  3714 | D:6      | Found a radiant altar of Vehumet.
  4757 | D:7      | Reached **** piety under Trog
  4800 | D:7      | Found a burning altar of Makhleb.
  4801 | D:7      | Found an ancient bone altar of Kikubaaqudgha.
  4816 | D:7      | Reached XP level 9. HP: 69/89 MP: 8/8
  5632 | D:1      | Bought an amulet of the acrobat for 300 gold pieces
  5869 | D:8      | Noticed Joseph
  5876 | D:8      | Noticed an eight-headed hydra
  5877 | D:8      | Killed Joseph
  5920 | D:8      | Noticed Harold
  6525 | D:7      | Reached XP level 10. HP: 91/102 MP: 9/9
  6567 | D:7      | Killed Harold
  6759 | D:8      | Identified the +2 kite shield of the Orcish Mines {Will+
                  | Str+4 Slay+3}
  7033 | D:8      | Found a hide-covered altar of Uskayaw.
  7158 | D:8      | Killed an eight-headed hydra
  7159 | D:8      | Reached skill level 1 in Armour
  7159 | D:8      | Reached skill level 1 in Shields
  7368 | D:9      | Noticed a two-headed ogre
  7376 | D:9      | Killed a two-headed ogre
  7602 | D:9      | Paralysed by an orc for 4 turns
  8130 | D:10     | Entered Level 10 of the Dungeon
  8398 | D:10     | Reached XP level 11. HP: 107/113 MP: 10/10
  8398 | D:10     | Reached ***** piety under Trog
  8404 | D:10     | Reached skill level 10 in Unarmed Combat
  8643 | D:10     | Found a staircase to the Lair.
  9181 | D:11     | Noticed Fannar
  9417 | D:1      | Bought a ring of protection from cold for 250 gold pieces
  9666 | D:10     | Killed Fannar
  9781 | D:11     | Found a staircase to the Orcish Mines.
  9797 | D:11     | Reached skill level 1 in Evocations
  9881 | D:11     | Noticed a two-headed ogre
  9888 | D:11     | Killed a two-headed ogre
  9899 | D:11     | Noticed Urug
  9914 | D:11     | Killed Urug
 10118 | D:11     | Found a transporter.
 10119 | D:11     | Noticed a deep elf pyromancer
 10121 | D:11     | Noticed horus123's ghost (journeyman MfGl)
 10127 | D:11     | Found a transporter.
 10437 | D:12     | Found Ashrurouf's Magic Scroll Boutique.
 10538 | D:12     | Bought a scroll of enchant armour for 112 gold pieces
 10538 | D:12     | Bought a scroll of blinking for 112 gold pieces
 10538 | D:12     | Bought a scroll of fog for 30 gold pieces
 10601 | D:12     | Found Puogio's Antique Armour Emporium.
 10611 | D:12     | Noticed a two-headed ogre
 10618 | D:12     | Killed a two-headed ogre
 10621 | D:12     | Noticed a deep elf pyromancer
 10640 | D:12     | Killed a deep elf pyromancer
 10670 | D:12     | Noticed Kirke
 10678 | D:12     | Killed Kirke
 10679 | D:12     | Reached XP level 12. HP: 123/123 MP: 11/11
 10707 | D:12     | Found Zarap's Magic Scroll Shop.
 10975 | D:12     | Found a hazy altar of Hepliaklqana.
 11024 | D:12     | Noticed a six-headed hydra
 11129 | D:13     | Noticed a boulder beetle
 11140 | D:13     | Killed a boulder beetle
 11247 | D:13     | Reached skill level 5 in Shields
 11287 | D:13     | Noticed Azrael
 11366 | D:13     | Found a gate to the Vaults.
 11428 | D:13     | Noticed a centaur warrior
 11435 | D:13     | Killed a centaur warrior
 11723 | D:13     | Reached skill level 5 in Armour
 12043 | D:14     | Found Boupitwu's Assorted Antiques.
 12048 | D:14     | Bought a viscous puce potion for 32 gold pieces
 12111 | D:14     | Noticed a centaur warrior
 12125 | D:14     | Killed a centaur warrior
 12126 | D:14     | Reached skill level 10 in Dodging
 12128 | D:14     | Reached skill level 10 in Fighting
 12199 | D:14     | Noticed a boulder beetle
 12223 | D:14     | Killed a boulder beetle
 12304 | D:15     | Entered Level 15 of the Dungeon
 12304 | D:15     | Noticed a death knight
 12307 | D:14     | Reached ****** piety under Trog
 12425 | Lair:1   | Entered Level 1 of the Lair of Beasts
 12782 | Lair:1   | Noticed a fire dragon
 12796 | Lair:1   | Killed a fire dragon
 12797 | Lair:1   | Reached XP level 13. HP: 135/135 MP: 12/12
 13387 | Lair:2   | Found a shadowy altar of Dithmenos.
 13557 | Lair:2   | Found a staircase to the Shoals.
 13705 | Lair:2   | You fall into a shaft and drop 1 floor!
 13705 | Lair:3   | Found a transporter.
 13707 | Lair:3   | Found a staircase to the Snake Pit.
 13879 | Lair:2   | Identified the -5 pair of boots of Heuluez {Str+3 Dex+3}
 14499 | Lair:3   | Found a transporter.
 14543 | Lair:3   | Noticed Fuxod's ghost (journeyman GnWn)
 15134 | Lair:4   | Received a gift from Trog
 17051 | Lair:5   | Reached XP level 14. HP: 138/146 MP: 13/13
 17380 | Lair:6   | Entered Level 6 of the Lair of Beasts
 17401 | Lair:6   | Identified the +2 broad axe of True Grit {vorpal, Dex+2
                  | Stlth+} (Trog gifted it to you on level 6 of the Lair of
                  | Beasts)
 17401 | Lair:6   | Received a gift from Trog
 17459 | Lair:6   | Found a dark tunnel.
 17504 | Volcano  | Entered a volcano
 17801 | Lair:6   | Found a gate leading to a gauntlet.
 17810 | Gauntlet | Entered a Gauntlet
 17810 | Gauntlet | Found a transporter.
 17820 | Gauntlet | Found a transporter.
 17823 | Gauntlet | Found a transporter.
 17824 | Gauntlet | Found a transporter.
 17835 | Gauntlet | Found a transporter.
 17835 | Gauntlet | Found a transporter.
 17836 | Gauntlet | Found a transporter.
 17847 | Gauntlet | Found a transporter.
 17848 | Gauntlet | Found a transporter.
 17852 | Gauntlet | Found a transporter.
 17855 | Gauntlet | Found a runed translucent door.
 17858 | Gauntlet | Found a transporter.
 17859 | Gauntlet | Found a transporter.
 17860 | Gauntlet | Found a transporter.
 17869 | Gauntlet | Found a transporter.
 18117 | Gauntlet | Identified the +2 hat of Wimmu {Int+6}
 18482 | Lair:6   | Found the ring of the Mage {Wiz Archmagi}
 18964 | Lair:6   | Received a gift from Trog
 19359 | D:8      | Identified the +1 robe of Fun and Games {rPois Str+2}
 19457 | D:12     | Bought a heavy robe for 188 gold pieces
 19457 | D:12     | Identified the +1 robe of Impressiveness {+Blink Fly rN+
                  | Int+2} (You bought it in a shop on level 12 of the Dungeon)
 20505 | Orc:1    | Entered Level 1 of the Orcish Mines
 20885 | Orc:1    | Noticed Sonja
 20889 | Orc:1    | Killed Sonja
 21327 | Orc:2    | Entered Level 2 of the Orcish Mines
 21327 | Orc:2    | Found Icazxol's Antique Weapon Emporium.
 21456 | Orc:2    | Found a burning altar of Makhleb.
 21500 | Orc:2    | Found Oxanama's Armour Shop.
 21541 | Orc:2    | Received a gift from Trog
 21649 | Orc:2    | Reached XP level 15. HP: 102/158 MP: 14/14
 22422 | Snake:1  | Entered Level 1 of the Snake Pit
 22548 | D:12     | Bought 2 scrolls of enchant armour for 255 gold pieces
 22587 | D:12     | Bought a scroll of enchant weapon for 112 gold pieces
 22918 | Snake:1  | Reached skill level 1 in Maces & Flails
 23291 | Snake:1  | Found Usinit's Jewellery Shoppe.
 24068 | Snake:2  | Received a gift from Trog
 24101 | Snake:2  | Noticed Nikola
 24114 | Snake:2  | Killed Nikola
 24306 | Snake:2  | Found a runed translucent door.
 24646 | Snake:2  | Noticed Vashnia
 24919 | Snake:2  | Noticed Mlioglotl
 26227 | Snake:4  | Entered Level 4 of the Snake Pit
 26539 | Snake:4  | Found Ibbompy's Jewellery Shoppe.
 26539 | Snake:4  | Found Dap Ugep's Book Boutique.
 26540 | Snake:4  | Found Puumur's Book Boutique.
 26548 | Snake:4  | Bought the ring of the Griffon {Drain rC++ rN+ Str+7} for
                  | 589 gold pieces
 26671 | Snake:4  | Noticed a nagaraja
 26875 | Snake:4  | Reached XP level 16. HP: 169/169 MP: 15/15
 27719 | Snake:4  | Received a gift from Trog
 27812 | Snake:3  | Reached skill level 5 in Maces & Flails
 28557 | Snake:4  | HP: 3/255 [salamander (14)]
 28557 | Snake:4  | Mangled by a salamander

Illustrated notes

Levels and vault maps discovered:
D:1:      moated_graveyard_arrival, layout_basic, serial_shops, shop,
          minmay_tree_intersection
D:2:      layout_loops_ring, chequers_serial_rivers_marsh,
          minmay_misc_feat_cross, uniq_jessica
D:3:      layout_rooms, ebering_ecumenical_altar_hall
D:4:      layout_loops_ring, minivault_4
D:5:      layout_loops_cross, temple_hall, serial_undead, serial_undead_b,
          serial_undead_c, serial_undead_e, serial_undead_a,
          gammafunk_ghost_cemetery
D:6:      layout_layer_cave, vehumet_altar_wand_db, serial_shops, shop
D:7:      layout_cave_pools, chequers_temple_overflow_statue_of_worship,
          serial_rivers, chequers_serial_rivers_micro_a,
          chequers_serial_rivers_micro_b, chequers_serial_rivers_micro_b,
          chequers_serial_rivers_small_3
D:8:      layout_cave_pools, general_overflow_altar, uniq_joseph, uniq_harold
D:9:      layout_loops_ring
D:10:     layout_grid_maze, minmay_lair_entry_grove
D:11:     layout_cave_pools, zombieorc1_lemuel, gammafunk_ghost_arena,
          minmay_misc_feat_hallway, uniq_fannar, uniq_urug
D:12:     minmay_bubble_buster, layout_cave_pools, serial_shops,
          nicolae_shop_advertising_works [nicolae_subvault_shop_adworks],
          nicolae_square_shop, nicolae_shop_stone,
          chequers_serial_rivers_small_b, minmay_large_rounded_square,
          nicolae_hepliaklqana_monster_ancestors, uniq_kirke
D:13:     layout_irregular_city, erik_vaults_1, uniq_azrael
D:14:     layout_irregular_city, gammafunk_ghost_abyssal_escape, serial_shops,
          nicolae_shop_hallway_stairs, okawaru_trees_1
D:15:     grunt_enter_depths_giant_problem, layout_basic,
          hangedman_decor_points, minmay_pinched_square, uniq_nessos
Lair:1:   dragon1_lemuel, layout_loops_ring, wad_woods_road_01,
          chequers_serial_rivers_marsh
Lair:2:   layout_gridlike, minmay_shoals_entry_beasts, basic_altar,
          chequers_serial_rivers_marsh, st_stairs_4,
          chequers_serial_rivers_large_b, infiniplex_staircase_pool
Lair:3:   layout_big_grid, minmay_snake_entry_guardpost_small,
          nzn_ghost_randoct, serial_bayou_lake_a
Lair:4:   layout_loops_ring
Lair:5:   kb_forest_paths, layout_gridlike, minmay_slime_entry_oklob_enclosed
Lair:6:   hangedman_lair_in_review, layout_loops_ring,
          nicolae_volcano_entry_vermiform, gauntlet_entry_generic, st_stairs_7,
          nicolae_quartered_pool_little
Snake:1:  layout_basic, serial_shops, nicolae_shop_competitors_out_of_business,
          drop_trap, serial_bayou_shore_a
Snake:2:  cheibrodos_toxic_ritual, layout_layer_cave, guppyfry_snake_island,
          serial_bayou_shore_b, uniq_nikola, uniq_vashnia, uniq_mlioglotl
Snake:3:  layout_grid_maze, lemuel_fruit_tree
Snake:4:  johnstein_snake_rune_scales, layout_cave_town, serial_bayou_pond_b,
          minmay_shop_grove
Orc:1:    layout_diamond_mine, nicolae_orc_lost_temple, uniq_sonja
Orc:2:    grunt_orc_tribal_feast, layout_caves, basic_altar, serial_shops,
          nicolae_shop_behind_doors, nicolae_shop_trees

Skill      XL: |  1  2  3  4  5  6  7  8  9 10 11 12 13 14 15 16 |
---------------+-------------------------------------------------+-----
Fighting       | 3 4 5 6 7 8 9 10 11 12 13 | 13.4
Dodging        | 3 4 5 6 7 8 9 10 11 12 13 | 13.4
Unarmed Combat | 4 5 6 7 8 9 10 11 12 | 12.0
Armour         | 2 4 5 6 8 9 |  9.7
Shields        | 2 4 5 6 8 9 |  9.7
Evocations     | 2 3 |  3.0
Maces & Flails | 4 5 |  5.5

Action                   |  1- 3 |  4- 6 |  7- 9 | 10-12 | 13-15 | 16-18 || total
-------------------------+-------+-------+-------+-------+-------+-------++-------
Melee: Unarmed           |    72 |   150 |   301 |   512 |  1221 |   173 ||  2429
       Punch             |     4 |     4 |     9 |     3 |       |       ||    20
       Morningstar       |       |       |       |     5 |    89 |    35 ||   129
Throw: Dart              |       |       |    11 |    20 |       |       ||    31
       Stone             |       |       |       |     8 |    10 |    15 ||    33
Invok: Berserk           |       |       |       |     3 |    11 |     2 ||    16
Evoke: Wand              |       |       |     7 |     7 |     7 |       ||    21
       Condenser vane    |       |       |       |     2 |       |       ||     2
       Phial of floods   |       |       |       |       |     1 |       ||     1
  Use: Scroll            |       |     8 |     3 |     8 |    15 |       ||    34
       Potion            |       |       |       |       |     3 |       ||     3
Armor: Animal skin       |     2 |       |       |       |       |       ||     2
       Swamp dragon scal |    28 |    79 |   178 |   207 |   687 |    64 ||  1243
Dodge: Dodged            |    24 |    75 |   149 |   245 |   649 |    98 ||  1240
Block: Kite shield       |       |       |       |   237 |   774 |   118 ||  1129
